 Dungeon Crawl Stone Soup version 0.19-a0-559-ga3d69d0 (webtiles) character file.

27797 mistymad the Covert (level 13, -9/98 HPs)
             Began as a Vampire Enchanter on June 8, 2016.
             Was a High Priest of Ashenzari.
             Mangled by a seven-headed hydra (17 damage)
             ... on level 5 of the Lair of Beasts.
             The game lasted 00:47:18 (16713 turns).

mistymad the Covert (Vampire Enchanter)            Turns: 16713, Time: 00:47:18

Health: -9/98      AC: 12    Str:  9    XL:     13   Next: 6%
Magic:  11/25      EV: 23    Int: 21    God:    Ashenzari [*****.]
Gold:   730        SH:  0    Dex: 27    Spells: 8 memorised, 9 levels left

rFire  . . .     SeeInvis +     s - +2 dagger (speed)
rCold  + . .     Gourm    .     t - +1 animal skin
rNeg   + + .     Faith    .     (no shield)
rPois  +         Spirit   .     u - +2 helmet
rElec  .         Dismiss  .     m - +2 cloak {+Inv}
rCorr  +         Reflect  .     h - +2 pair of gloves
SustAt .         Harm     .     (no boots)
MR     +....     Clarity  +     (no amulet)
Stlth  ++++++++..               I - +4 ring of strength
                                v - ring "Voboox" {rCorr Str-2 Int+3 Dex+8}

@: very slightly contaminated, regenerating slowly, slowed, very slow, somewhat
resistant to hostile enchantments, extraordinarily stealthy
A: fangs 3, see invisible, unbreathing
a: Bat Form, Curse Item, Scrying, Transfer Knowledge, Renounce Religion, Evoke
Invisibility


You were on level 5 of the Lair of Beasts.
You worshipped Ashenzari.
Ashenzari was extremely pleased with you.
You were very thirsty.

You visited 3 branches of the dungeon, and saw 17 of its levels.
You also visited: Bailey.

You collected 730 gold pieces.

Inventory:

Hand Weapons
 s - a +2 dagger of speed (weapon)
 M - a +2 dagger of flaming
Missiles
 H - 4 throwing nets (quivered)
Armour
 h - a +2 pair of gloves (worn)
 m - a +2 cloak of invisibility (worn)
 t - a +1 animal skin (worn)
 u - a +2 helmet (worn)
Jewellery
 v - the ring "Voboox" (left hand) {rCorr Str-2 Int+3 Dex+8}
   (You found it on level 4 of the Dungeon)

   [ring of resist corrosion]

   It affects your strength (-2).
   It affects your intelligence (+3).
   It affects your dexterity (+8).
 C - an uncursed ring of protection from cold
 I - a +4 ring of strength (right hand)
Wands
 b - a wand of flame (12/48)
 c - a wand of acid (5/15)
 w - a wand of slowing (18/48)
 B - a wand of confusion (16/48)
 E - a wand of iceblast (10/15)
 F - a wand of slowing (37/48)
 G - a wand of slowing (31/48)
 Q - a wand of flame (27/48)
 U - a wand of confusion (28/48)
Scrolls
 f - 5 scrolls of remove curse
 g - a scroll of fog
 j - a scroll of immolation
 k - 3 scrolls of magic mapping
 n - a scroll of enchant armour
 o - 8 scrolls of amnesia
 y - 5 scrolls of teleportation
 K - a scroll of vulnerability {unknown}
 N - a scroll of recharging {unknown}
 O - 3 scrolls of enchant weapon {unknown}
 R - a scroll of summoning {unknown}
 S - a scroll of holy word {unknown}
 T - 5 scrolls of identify
Potions
 a - a potion of brilliance {unknown}
 d - 9 potions of blood
 e - 2 potions of cancellation {unknown}
 i - 3 potions of heal wounds {unknown}
 l - 5 potions of degeneration {unknown}
 p - 4 potions of flight {unknown}
 q - 2 potions of might {unknown}
 r - a potion of resistance {unknown}
 x - 3 potions of curing {unknown}
 z - a potion of lignification {unknown}
 A - a potion of haste {unknown}
 D - a potion of berserk rage {unknown}
 L - a potion of experience {unknown}
 P - a potion of agility {unknown}
 W - a potion of mutation {unknown}
Books
 V - a book of the Dragon

   Spells                             Type                      Level
   a - Flame Tongue                   Conjuration/Fire             1
   b - Cause Fear                     Hexes                        4
   c - Bolt of Fire                   Conjuration/Fire             6
   d - Dragon Form                    Transmutation                7
   e - Dragon's Call                  Summoning                    9
Miscellaneous
 J - a fan of gales
 X - a fan of gales


   Skills:
 + Level 8.0 Fighting
 + Level 10.0 Short Blades
 + Level 9.8 Dodging
 + Level 13.8 Stealth
 + Level 8.3 Spellcasting
 + Level 13.2 Hexes
 - Level 5.0 Necromancy
 + Level 2.5 Translocations


You had 9 spell levels left.
You knew the following spells:

 Your Spells              Type           Power        Failure   Level  Hunger
a - Corona                Hex            ######.      1%          1    None
b - Ensorcelled Hibernat  Hex/Ice        #####.       1%          2    None
c - Confuse               Hex            ######..     1%          3    None
d - Tukima's Dance        Hex            ######..     1%          3    None
e - Dazzling Spray        Conj/Hex       #####.       1%          3    None
f - Animate Dead          Necr           N/A          12%         4    ###....
g - Blink                 Tloc           N/A          4%          2    None
h - Apportation           Tloc           ###.......   2%          1    None


Dungeon Overview and Level Annotations

Branches:
Dungeon (10/15)            Temple (1/1) D:5            Lair (6/8) D:9
  Snake (0/4) Lair:3
  Swamp: Lair:3-6    Shoals: Lair:3-6     Slime: Lair:6-8       Orc: D:9-12

Altars:
Ashenzari
Cheibriados
Dithmenos
Elyvilon
Fedhas
Gozag
Hepliaklqana
Kikubaaqudgha
Makhleb
Nemelex Xobeh
Okawaru
Pakellas
Qazlal
Ru
Sif Muna
Trog
Uskayaw
Vehumet
Xom
Yredelemnul
Zin
The Shining One

Shops:
D:10 ?


Innate Abilities, Weirdness & Mutations

You heal slowly.
You have razor-sharp teeth.
You have supernaturally acute eyesight. (SInv)
You can survive without breathing.


Message History

Aiming: Confuse
Press: ? - help, Shift-Dir - straight line, f/p - seven-headed hydra
Aim: a seven-headed hydra (chance to defeat MR: 42%)
Okay, then.
Casting: Confuse
Confirm with . or Enter, or press ? or * to list all spells.
Aiming: Confuse
Press: ? - help, Shift-Dir - straight line, f/p - seven-headed hydra
Aim: a seven-headed hydra (chance to defeat MR: 42%)
The seven-headed hydra resists with some effort.
You now have 11/25 mp.
The seven-headed hydra barely misses you.
The seven-headed hydra completely misses you.
The seven-headed hydra misses you. The seven-headed hydra bites you!
* * * LOW HITPOINT WARNING * * *
The seven-headed hydra bites you.
* * * LOW HITPOINT WARNING * * *
The seven-headed hydra closely misses you.
The seven-headed hydra bites you!
You die...

.####...##..######...............
..###.(.###+###.##...............
..##....#......###.........#.....
...##..........#...........#.....
#...................#......##....
#####....##.....#..#.......#.....
..###....###...##...#.....#......
..........##.#.##P...#..#..#....#
................@D..w............
....................(.<.........#
.............................####
..........................>.##...
##.......#.......#...P#...###.###
##......###..P.........#P.......≈
.+.......#......#.....#...####.##
#.......#............#.......##.#
........##....................#.#


You could see a seven-headed hydra and a torpor snail.

Vanquished Creatures
  A catoblepas (Lair:5)
  A hydra (Lair:5)
  Erica (D:8)
  The ghost of Sagrath01 the Destroyer, a novice DEWz of Sif Muna (D:8)
  3 hill giants
  2 oklob plants
  3 black mambas
  3 elephants (Lair:3)
  A gargoyle (D:10)
  2 spiny frogs
  A rime drake (Lair:5)
  7 komodo dragons
  2 trolls (D:9)
  5 polar bears
  Grinder (D:3)
  12 blink frogs
  18 yaks
  A spriggan (D:8)
  Sigmund (D:3)
  6 hippogriffs
  3 basilisks
  The ghost of benitares the Insei, an amateur DsMo (D:4)
  A hungry ghost (D:8)
  2 water moccasins
  10 porcupines
  11 orc warriors
  2 phantoms (D:10)
  3 sky beasts
  7 black bears
  2 necrophages
  An ice beast (D:8)
  4 ogres
  18 wolves
  4 centaurs
  10 crocodiles
  9 giant frogs
  2 big kobolds
  Blork the orc (D:5)
  A wyvern skeleton (D:9)
  6 killer bees (D:10)
  2 scorpions
  3 electric eels (D:9)
  4 crimson imps
  6 howler monkeys
  2 giant frog zombies
  12 hounds
  2 orc priests (D:9)
  4 centaur skeletons
  Jessica (D:3)
  Crazy Yiuf (D:7)
  Terence (D:3)
  8 iguanas
  10 orc wizards
  6 worker ants
  A killer bee zombie (D:6)
  A hound zombie (D:5)
  A hound skeleton (D:8)
  Robin (D:3)
  7 gnolls
  10 adders
  28 river rats
  A shadow imp (D:5)
  An ooze (D:2)
  2 adder zombies
  3 worms
  A dart slug (D:3)
  8 giant geckos
  35 orcs
  4 giant cockroaches
  17 goblins
  8 hobgoblins
  8 jackals
  20 kobolds
  6 quokkas
  A ball python (D:1)
  8 bats
  A giant gecko skeleton (D:6)
  8 giant newts
  A jackal zombie (D:9)
  A quokka skeleton (D:7)
  8 rats
423 creatures vanquished.

Vanquished Creatures (collateral kills)
  An orc knight (Bailey)
  A black bear (D:7)
  An adder (D:5)
3 creatures vanquished.

Grand Total: 426 creatures vanquished

Notes
Turn   | Place    | Note
--------------------------------------------------------------
     0 | D:1      | mistymad the Vampire Enchanter began the quest for the Orb.
     0 | D:1      | Reached XP level 1. HP: 13/13 MP: 3/3
   186 | D:1      | Reached XP level 2. HP: 11/20 MP: 1/5
  1029 | D:1      | Reached XP level 3. HP: 20/25 MP: 3/6
  1033 | D:1      | Learned a level 2 spell: Ensorcelled Hibernation
  1037 | D:1      | Learned a level 3 spell: Confuse
  1416 | D:2      | Found a faded altar of an unknown god.
  1548 | D:2      | Reached skill level 5 in Hexes
  1608 | D:2      | Reached skill level 5 in Stealth
  1633 | D:2      | Found a sacrificial altar of Ru.
  1638 | D:2      | Reached XP level 4. HP: 22/31 MP: 7/7
  1814 | D:2      | Reached skill level 1 in Fighting
  2292 | D:3      | Noticed Grinder
  2312 | D:3      | Killed Grinder
  2312 | D:3      | Reached XP level 5. HP: 34/38 MP: 2/9
  2312 | D:3      | Reached XP level 6. HP: 39/44 MP: 2/10
  2397 | D:3      | Noticed Sigmund
  2406 | D:3      | Killed Sigmund
  2426 | D:3      | Noticed Jessica
  2445 | D:3      | Killed Jessica
  2583 | D:3      | Noticed Robin
  2594 | D:3      | Killed Robin
  2603 | D:3      | Reached XP level 7. HP: 51/51 MP: 9/11
  2724 | D:3      | Noticed Terence
  2731 | D:3      | Killed Terence
  2899 | D:3      | Found a hide-covered altar of Uskayaw.
  2899 | D:3      | Found a shattered altar of Ashenzari.
  2904 | D:3      | Found a shimmering altar of Xom.
  2933 | D:3      | Became a worshipper of Ashenzari the Shackled
  3012 | D:3      | Found an opulent altar of Gozag.
  3161 | D:4      | Learned a level 3 spell: Tukima's Dance
  3165 | D:4      | Learned a level 3 spell: Dazzling Spray
  3191 | D:4      | Noticed benitares's ghost (amateur DsMo)
  3416 | D:4      | Killed benitares's ghost
  3687 | D:4      | Reached * piety under Ashenzari
  3896 | D:4      | Identified the ring "Voboox" {rCorr Str-2 Int+3 Dex+8}
  3917 | D:5      | Entered Level 5 of the Dungeon
  4137 | D:4      | Reached XP level 8. HP: 58/58 MP: 8/13
  4661 | D:5      | Noticed Blork the orc
  4666 | D:5      | Killed Blork the orc
  4671 | D:5      | Found a deep blue altar of Sif Muna.
  4856 | D:5      | Reached skill level 5 in Dodging
  5146 | D:5      | Found a staircase to the Ecumenical Temple.
  5168 | Temple   | Entered the Ecumenical Temple
  5378 | D:6      | Reached skill level 5 in Short Blades
  5823 | D:6      | Reached ** piety under Ashenzari
  5853 | D:6      | Reached XP level 9. HP: 65/65 MP: 12/15
  6280 | D:6      | Found a burning altar of Makhleb.
  6283 | D:6      | Found an iron altar of Okawaru.
  6286 | D:6      | Found a white marble altar of Elyvilon.
  6443 | D:7      | Found a huge runed gate.
  6444 | D:7      | Found a huge runed gate.
  6445 | D:7      | Found a huge runed gate.
  6446 | D:7      | Found a huge runed gate.
  6447 | D:7      | Noticed a polar bear
  6447 | D:7      | Noticed a polar bear
  6447 | D:7      | Noticed a polar bear
  6454 | D:7      | Noticed a polar bear
  6710 | D:7      | Found a stormy altar of Qazlal.
  6821 | D:7      | Found a hazy altar of Hepliaklqana.
  7144 | D:7      | Reached *** piety under Ashenzari
  7285 | D:7      | Identified the +1 mace of Juyskock {holy, rF+ rC+ rN++ SInv}
  7285 | D:7      | Noticed Crazy Yiuf
  7291 | D:7      | Killed Crazy Yiuf
  7556 | D:8      | Noticed Sagrath01's ghost (novice DEWz)
  7568 | D:8      | Killed Sagrath01's ghost
  7568 | D:8      | Reached skill level 5 in Spellcasting
  7605 | D:8      | Reached skill level 5 in Fighting
  7744 | D:8      | Noticed a hill giant
  7753 | D:8      | Killed a hill giant
  7827 | D:8      | Noticed Erica
  7833 | D:8      | Killed Erica
  7833 | D:8      | Reached skill level 10 in Stealth
  7833 | D:8      | Reached XP level 10. HP: 74/74 MP: 18/18
  7844 | D:8      | Noticed a hill giant
  7854 | D:8      | Killed a hill giant
  8252 | D:8      | Reached skill level 10 in Hexes
  8318 | D:8      | Found a burning altar of Makhleb.
  8677 | D:9      | Found a staircase to the Lair.
  9700 | D:10     | Entered Level 10 of the Dungeon
  9798 | D:10     | Noticed a hill giant
  9817 | D:10     | Killed a hill giant
  9840 | D:10     | Found a flagged portal.
  9870 | D:10     | Learned a level 4 spell: Animate Dead
  9872 | Bailey   | Entered a bailey
 10370 | Bailey   | Reached XP level 11. HP: 81/81 MP: 20/20
 10393 | Bailey   | Reached skill level 1 in Necromancy
 10407 | Bailey   | Noticed an orc knight
 10415 | Bailey   | Killed an orc knight
 10938 | D:10     | Reached **** piety under Ashenzari
 11162 | D:10     | Found Feney's Magic Scroll Emporium.
 12006 | Lair:1   | Entered Level 1 of the Lair of Beasts
 12539 | Lair:1   | Reached XP level 12. HP: 90/91 MP: 15/23
 13012 | Lair:1   | Learned a level 2 spell: Blink
 13016 | Lair:1   | Learned a level 1 spell: Apportation
 14026 | Lair:3   | Reached skill level 5 in Necromancy
 14283 | Lair:3   | Reached skill level 1 in Translocations
 14839 | Lair:3   | Reached ***** piety under Ashenzari
 15055 | Lair:3   | Found a staircase to the Snake Pit.
 16242 | Lair:5   | Noticed an eight-headed hydra
 16247 | Lair:5   | Killed an eight-headed hydra
 16312 | Lair:5   | Noticed a catoblepas
 16315 | Lair:5   | Killed a catoblepas
 16474 | Lair:5   | Reached XP level 13. HP: 93/98 MP: 19/25
 16483 | Lair:5   | Reached skill level 10 in Short Blades
 16523 | Lair:5   | Found a snail-covered altar of Cheibriados.
 16713 | Lair:5   | Mangled by a seven-headed hydra

Vault maps used:
D:1:      dpeg_arrival_stone_temple_mockup
D:2:      nicolae_ru_great_annihilating_truth, ecumenical_altar_2
D:3:      minitemple, first_bread, grunt_gozag_breadcrumbs, uniq_sigmund,
          uniq_jessica, uniq_grinder, uniq_robin, uniq_terence
D:5:      tgw_sif, temple_statues
D:6:      grunt_temple_overflow_diamond
D:7:      lemuel_bear_cage, marbit_many_paths, grunt_qazlal_clouds,
          uniq_crazy_yiuf_cottage
D:8:      grunt_pizzeria, makhleb_blood_cavern_becter, uniq_erica
D:9:      erik_lair_island, minmay_misc_feat_five, roderic_roman_lattice
D:10:     enter_bailey_3, serial_shops, shop
Temple:   circular_temple_12
Lair:3:   dummy_snake_entry, roderic_lost_polar_bear, grunt_megastairs_5
Lair:4:   minivault_11, st_stairs_5, lemuel_fruit_tree
Lair:5:   minivault_19, kennysheep_snail_temple
Lair:6:   swamp_mist_pool, lab_entry_generic, infiniplex_staircase_pool,
          grunt_megastairs_4
Bailey:   bailey_polearm_2, bailey

Skill      XL: |  1  2  3  4  5  6  7  8  9 10 11 12 13 |
---------------+----------------------------------------+-----
Short Blades   | 2 3 4 5 6 8 9 10 | 10.0
Hexes          | 5 6 7 8 9 10 11 13 | 13.2
Dodging        | 3 4 5 6 7 8 9 |  9.8
Stealth        | 5 6 7 8 10 11 12 13 | 13.8
Fighting       | 2 3 4 5 6 7 8 |  8.0
Spellcasting   | 3 4 5 6 7 8 |  8.3
Necromancy     | 4 5 |  5.0
Translocations | 2 |  2.5

Action                   |  1- 3 |  4- 6 |  7- 9 | 10-12 | 13-15 || total
-------------------------+-------+-------+-------+-------+-------++-------
Melee: Dagger            |   115 |    86 |   350 |  1077 |    26 ||  1654
       Bite              |     8 |     7 |    36 |   164 |     5 ||   220
 Cast: Corona            |     5 |       |       |       |       ||     5
       Ensorcelled Hiber |     3 |     7 |    51 |   125 |       ||   186
       Confuse           |     1 |     6 |    31 |    85 |     8 ||   131
       Tukima's Dance    |       |       |     3 |     2 |       ||     5
       Animate Dead      |       |       |       |     1 |       ||     1
       Blink             |       |       |       |       |     1 ||     1
  Use: Potion            |       |     2 |    10 |     2 |       ||    14
       Scroll            |       |       |     8 |     1 |       ||     9
 Stab: Sleeping          |    19 |    11 |    48 |   130 |     2 ||   210
       Distracted        |     1 |       |     1 |     1 |       ||     3
       Confused          |     1 |     7 |    14 |    55 |     2 ||    79
Armor: Robe              |    39 |    18 |    10 |       |       ||    67
       Animal skin       |       |       |    51 |   102 |    14 ||   167
Dodge: Dodged            |    92 |    55 |   174 |   572 |    40 ||   933
